 Dungeon Crawl Stone Soup version 0.31-a0-263-ge8cad7f256 (webtiles) character file.

Game seed: 15200139978545497082

53 qw the Shooter (level 3, -1/21 HPs)
             Began as a Gargoyle Hexslinger on July 13, 2023.
             Killed from afar by an orc wizard (11 damage)
             ... with a puff of flame
             ... on level 3 of the Dungeon.
             The game lasted 00:00:33 (1385 turns).

qw the Shooter (Gargoyle Hexslinger)                Turns: 1385, Time: 00:00:33

Health: -1/21      AC:  8    Str:  8 (11) XL:     3   Next: 89%
Magic:  4/4        EV: 10    Int: 12 (13) God:
Gold:   84         SH:  0    Dex: 12 (14) Spells: 3/4 levels left

rFire   . . .        Y - +3 sling
rCold   . . .        (no shield)
rNeg    + . .        h - +0 ring mail
rPois   inf          (no helmet)
rElec   +            (no cloak)
rCorr   .            (no gloves)
SInv    .            (no boots)
Will    .....        (no amulet)
Stlth   +            (no ring)
HPRegen 0.23/turn    (no ring)
MPRegen 0.09/turn

%: no passive effects
@: no status effects
A: sickness immunity, AC +3, negative energy resistance 1, electricity
resistance, torment resistance 1, petrification resistance
a: no special abilities


You were on level 3 of the Dungeon.
You visited 1 branch of the dungeon, and saw 3 of its levels.

You collected 84 gold pieces.


Innate Abilities, Weirdness & Mutations

You are immune to sickness and miasma.
Your stone body is resilient. (AC +3)
You are immune to poison.
You resist negative energy. (rN+)
You are resistant to electric shocks. (rElec)
You are resistant to unholy torment.
You are immune to petrification.


   Skills:
 - Level 2.0 Fighting
 + Level 3.7 Ranged Weapons
 - Level 1.5 Dodging
 - Level 1.0 Spellcasting
 - Level 2.6 Hexes


You had 3 spell levels left.
You knew the following spells:

 Your Spells              Type           Power      Damage    Failure   Level
a - Slow                  Hex            28%        N/A       30%         1

Your spell library contained the following spells:

 Spells                   Type           Power      Damage    Failure   Level
 Inner Flame              Hex/Fire       3%         N/A       85%         3
 Portal Projectile        Hex/Tloc       6%         N/A       85%         3
 Cause Fear               Hex            3%         N/A       97%         4

Inventory:

Hand Weapons
 Y - a +3 sling (weapon)
Armour
 h - a +0 ring mail (worn)
Potions
 d - a potion of curing

Dungeon Overview and Level Annotations

Branches:
Dungeon (3/15)

Altars:


Message History

The orc is severely wounded.
The orc hits you with a +0 flail.
You shoot a sling bullet.
The sling bullet hits the orc but does no damage.
The orc closely misses you.
An orc comes into view. It is wielding a +0 club.
You shoot a sling bullet.
The sling bullet closely misses the orc.
The orc shouts!
The sling bullet hits the orc.
You kill the orc!
The orc completely misses you. The orc misses you.
An orc wizard comes into view. It is wielding a +0 dagger.
You shoot a sling bullet. The orc wizard shouts!
The sling bullet hits the orc.
The orc is almost dead.
The orc closely misses you. The orc hits you but does no damage.
You shoot a sling bullet. The sling bullet hits the orc!
You kill the orc!
The orc closely misses you. x2
You shoot a sling bullet. The sling bullet barely misses the orc.
The sling bullet closely misses the orc.
The sling bullet barely misses the orc wizard.
The orc hits you with a +0 flail!
You shoot a sling bullet. The sling bullet hits the orc.
The orc is heavily wounded.
You shoot a sling bullet. The sling bullet hits the orc.
You kill the orc!
The orc hits you with a +0 club.
The orc wizard gestures wildly while chanting.
The orc wizard flickers and vanishes!
Deactivating autopickup; reactivate with Ctrl-A.
1383 ||| FLEEEEING.
1384 ||| STILL FLEEEEING.
1385 ||| FLEEEEING.
A puff of flame appears from out of thin air!
The puff of flame hits you!
Ouch! That really hurt!
You die...

..########
.......<.#
..#####..#
#..# #..#
...#####..#
.......@..#
..######.##
#.# #{#
.......o....#
....{.....>.#
....).......#
............#
............#


You could see an orc.

Vanquished Creatures
  An adder (D:2)
  2 dart slugs (D:1)
  3 orcs (D:3)
  3 endoplasms
  2 giant cockroaches (D:1)
  6 goblins
  2 hobgoblins
  2 jackals (D:2)
  A quokka (D:2)
  5 ball pythons (D:1)
  3 frilled lizards
  A kobold (D:1)
  3 rats (D:1)
34 creatures vanquished.

Notes
Turn   | Place    | Note
-------+----------+-------------------------------------------
     0 | D:1      | qw the Gargoyle Hexslinger began the quest for the Orb.
     0 | D:1      | Reached XP level 1. HP: 12/12 MP: 2/2
     0 | D:1      | 0 ||| qw: Version: 0.3-a-52-g30416fa
     0 | D:1      | 0 ||| qw: Game counter: 7206
     0 | D:1      | 0 ||| qw: Melee chars always use a shield: true
     0 | D:1      | 0 ||| qw: God list: Okawaru
     0 | D:1      | 0 ||| qw: Allow faded altars: false
     0 | D:1      | 0 ||| qw: Do Orc after clearing Dungeon:15 true
     0 | D:1      | 0 ||| qw: Do second Lair branch before Depths: true
     0 | D:1      | 0 ||| qw: Lair rune preference: random
     0 | D:1      | 0 ||| qw: Goals: Normal
     0 | D:1      | 0 ||| PLANNING D:1-11
   155 | D:1      | Reached XP level 2. HP: 10/16 MP: 3/3
   331 | D:1      | Reached skill level 3 in Ranged Weapons
   415 | D:1      | Found a faded altar of an unknown god.
   421 | D:1      | Reached XP level 3. HP: 21/21 MP: 4/4
   703 | D:1      | 703 ||| DROPPING scroll of poison.
  1300 | D:2      | 1300 ||| UPGRADING to +0 leather armour.
  1310 | D:2      | 1310 ||| DROPPING +0 robe.
  1311 | D:2      | 1311 ||| UPGRADING to +0 ring mail.
  1321 | D:2      | 1321 ||| DROPPING +0 leather armour.
  1322 | D:2      | 1322 ||| READING 2 scrolls labelled SIMAISCH ANOPS.
  1323 | D:2      | 1323 ||| READING scroll of enchant weapon.
  1323 | D:2      | 1323 ||| ENCHANTING +2 sling.
  1324 | D:2      | 1324 ||| READING scroll labelled NOMEBB PAN ORUCU.
  1325 | D:2      | 1325 ||| READING scroll labelled WOIJEK UHIQE.
  1326 | D:2      | 1326 ||| DRINKING 2 sedimented pink potions.
  1327 | D:2      | 1327 ||| DRINKING 2 glowing sapphire potions.
  1328 | D:2      | 1328 ||| DROPPING potion of degeneration.
  1383 | D:3      | 1383 ||| FLEEEEING.
  1385 | D:3      | 1385 ||| FLEEEEING.
  1385 | D:3      | Killed from afar by an orc wizard

Levels and vault maps discovered:
D:1:      tekkud_arrival_beachfront_property, layout_basic,
          nicolae_ecumenical_snake_handling, minmay_misc_feat_alley
D:2:      layout_loops_cross
D:3:      cheibrodos_greedy_goblins, layout_basic, minmay_starry_boxes

Skill      XL: |  1  2 |
---------------+-------+-----
Ranged Weapons | 3 |  3.7
Fighting       | 2 |  2.0
Dodging        | |  1.5
Spellcasting   | |  1.0
Hexes          | |  2.6

Action                     || total
---------------------------++-------
   Fire: Sling             ||   129
    Use: Scroll            ||     4
         Potion            ||     2
 Armour: Robe              ||    30
         Ring mail         ||     1
  Dodge: Dodged            ||    43

Table legend:
 A = Non-vault XP
 B = Vault XP
 C = Vault XP percentage of total XP
 D = Non-vault monster count
 E = Vault monster count
 F = Vault count percentage of total count
                 A         B        C        D         E       F
            +---------+---------+-------+---------+---------+-------
      Total |      69 |       8 |  10.4 |      29 |       5 |  14.7
            +---------+---------+-------+---------+---------+-------
        D:1 |      31 |       8 |  20.5 |      16 |       5 |  23.8
        D:2 |      29 |       0 |   0.0 |      10 |       0 |   0.0
        D:3 |       9 |       0 |   0.0 |       3 |       0 |   0.0
            +---------+---------+-------+---------+---------+-------
